 Dungeon Crawl Stone Soup version 0.30-b1-2-g02819fbbbe (webtiles) character file.

Game seed: 8809809356590438111

2277 ketsa the Gusty (level 9, -1/54 HPs)
             Began as a Deep Elf Air Elementalist on May 16, 2023.
             Was an Initiate of Gozag.
             Shot with an arrow by a centaur (7 damage)
             ... on level 8 of the Dungeon.
             The game lasted 00:34:57 (9253 turns).

ketsa the Gusty (Deep Elf Air Elementalist)         Turns: 9253, Time: 00:34:57

Health: -1/54      AC:  6    Str:  5    XL:     9   Next: 16%
Magic:  9/15       EV: 15    Int: 31    God:    Gozag
Gold:   196        SH:  0    Dex: 21    Spells: 1/14 levels left

rFire   . . .        r - +3 dagger
rCold   . . .        (no shield)
rNeg    . . .        a - +0 robe
rPois   .            w - +0 helmet
rElec   .            (no cloak)
rCorr   .            (no gloves)
SInv    .            z - +2 pair of boots
Will    .....        x - amulet of magic regeneration
Stlth   +++          n - +6 ring of dexterity
HPRegen 0.29/turn    v - +6 ring of intelligence
MPRegen 0.54/turn

%: no passive effects
@: gold aura
A: no striking features
a: Renounce Religion, Potion Petition, Call Merchant, Bribe Branch


You were on level 8 of the Dungeon.
You worshipped Gozag.
Gozag was aware of your devotion.
You visited 2 branches of the dungeon, and saw 9 of its levels.

You collected 278 gold pieces.
You paid 82 gold pieces to Gozag.

Inventory:

Hand Weapons
 r - a +3 dagger (weapon)
Missiles
 q - 2 boomerangs
 y - 15 poisoned darts
 E - a curare-tipped dart
Armour
 a - a +0 robe (worn)
 w - a +0 helmet (worn)
 z - a +2 pair of boots (worn)
Magical Staves
 A - a staff of earth
Jewellery
 h - an amulet of reflection
 n - a +6 ring of dexterity (left hand)
 v - a +6 ring of intelligence (right hand)
 x - an amulet of magic regeneration (around neck)
Wands
 l - a wand of polymorph (13)
 D - a wand of flame (15)
 H - a wand of paralysis (7)
 I - a wand of roots (2)
Scrolls
 c - a scroll of enchant armour {unknown}
 e - a scroll of poison {unknown}
 j - 4 scrolls of teleportation
 m - 2 scrolls of vulnerability {unknown}
 p - 2 scrolls of immolation {unknown}
 u - a scroll of fear {unknown}
 B - a scroll of fog {unknown}
 F - a scroll of magic mapping {unknown}
 G - a scroll of amnesia {unknown}
 J - 2 scrolls of identify
Potions
 b - 2 potions of magic
 d - 3 potions of might
 f - 2 potions of flight
 g - 2 potions of attraction {unknown}
 i - 3 potions of ambrosia {unknown}
 k - 4 potions of curing
 o - 3 potions of heal wounds {unknown}
 s - a potion of invisibility {unknown}
 t - a potion of mutation {unknown}
 C - 3 potions of degeneration {unknown}


   Skills:
 - Level 5.1 Fighting
 - Level 5.0 Dodging
 - Level 5.0 Stealth
 - Level 3.0 Spellcasting
 + Level 5.8 Conjurations
 + Level 6.1 Air Magic
 + Level 1.9 Poison Magic
 - Level 5.0 Evocations


You had one spell level left.
You knew the following spells:

 Your Spells              Type           Power      Damage    Failure   Level
a - Shock                 Conj/Air       100%       1d9       1%          1
b - Static Discharge      Conj/Air       82%        2-6/arc   1%          2
c - Swiftness             Air            42%        N/A       1%          3
d - Mephitic Cloud        Conj/Pois/Air  33%        N/A       3%          3
e - Airstrike             Air            21%        2d(3-19)  5%          4

Your spell library contained the following spells:

 Spells                   Type           Power      Damage    Failure   Level
 Poisonous Vapours        Pois/Air       58%        N/A       1%          2
 Ignite Poison            Fire/Tmut/Pois 8%         N/A       16%         3
 Ozocubu's Armour         Ice            4%         N/A       21%         3
 Sticky Flame             Conj/Fire      22%        2d4       21%         4
 Freezing Cloud           Conj/Ice/Air   14%        6-21      34%         5
 Ozocubu's Refrigeration  Ice            2%         4d7       100%        7
 Ignition                 Fire           2%         3d3       100%        8


Dungeon Overview and Level Annotations

Branches:
Dungeon (8/15) Zot: 26717  Temple (1/1) D:7 Zot: 5693
   Lair: D:8-11

Altars:
Ashenzari
Cheibriados
Dithmenos
Elyvilon
Fedhas
Gozag
Hepliaklqana
Kikubaaqudgha
Makhleb
Nemelex Xobeh
Okawaru
Qazlal
Ru
Sif Muna
Trog
Uskayaw
Vehumet
Xom
Yredelemnul
Zin
The Shining One

Shops:
D:1 :   D:5 (   D:7 =   D:8 :

Annotations:
D:3 exclusion: downstairs
D:4 Eustachio
D:7 exclusions: black bear and sky beast


Message History

The acid dragon is struck by an arc of lightning!
The acid dragon is severely wounded.
The lightning grounds out.
A centaur comes into view.
The acid dragon barely misses you. The acid dragon closely misses you.
Casting: Static Discharge (safe; 1% risk of failure)
Confirm with . or Enter, or press ? or * to list all spells.
The acid dragon is struck by an arc of lightning.
The acid dragon is almost dead.
You are struck by an arc of lightning.
The lightning grounds out.
The centaur shouts!
The centaur wields a +0 shortbow.
The centaur shoots an arrow.
The arrow hits you. The acid dragon completely misses you.
The acid dragon misses you.
The centaur shoots an arrow.
The arrow hits you!
Casting: Static Discharge (safe; 1% risk of failure)
Confirm with . or Enter, or press ? or * to list all spells.
The acid dragon is struck by an arc of lightning.
You kill the acid dragon!
You are struck by an arc of lightning.
The centaur shoots an arrow.
The arrow hits you!
* * * LOW HITPOINT WARNING * * *
Okay, then.
You feel better.
The centaur shoots an arrow.
The arrow closely misses you.
Casting: Static Discharge (safe; 1% risk of failure)
Confirm with . or Enter, or press ? or * to list all spells.
Aiming: Shock (safe; 1% risk of failure)
Press: ? - help, Shift-Dir - straight line, f - centaur
Aim: a centaur, wielding a +0 shortbow (84% to hit)
The zap misses the centaur.
The centaur shoots an arrow.
The arrow hits you!
* * * LOW HITPOINT WARNING * * *
Casting: Shock (safe; 1% risk of failure)
Confirm with . or Enter, or press ? or * to list all spells.
Aiming: Shock (safe; 1% risk of failure)
Press: ? - help, Shift-Dir - straight line, f/p - centaur
Aim: a centaur, wielding a +0 shortbow (84% to hit)
The zap misses the centaur.
The centaur shoots an arrow.
The arrow hits you!
* * * LOW HITPOINT WARNING * * *
The centaur shoots an arrow.
The arrow hits you!
You die...
Your body crumbles into a pile of gold.

#### ...# ...# ...# . ##
...##.. #.. ....c..
#.#####$..##..
#.#...@....... ####
#.#.###........ ###... #.#.#
.....[..###...## ###.#.#
##........#.###9 #. #.....#
..... #...#8##
#..#.#.#######.###+##..###'.
#.............. #.##..#8#..
#.##.#.######## #.##.......
...#.# #.##.......


You could see a centaur.

Vanquished Creatures
  Pikel (D:4)
  Grinder (D:6)
  A wyvern (D:7)
  An acid dragon (D:8)
  2 black bears
  3 ice beasts
  An ogre (D:7)
  A centaur (D:6)
  3 lemures (D:4)
  A kobold brigand (D:6)
  A bullfrog (D:6)
  2 scorpions
  2 hounds (D:6)
  2 jellies
  2 orc priests (D:3)
  An iguana (D:3)
  4 orc wizards
  Robin (D:4)
  3 gnolls (D:5)
  6 adders
  A shadow imp (D:6)
  2 white imps (D:5)
  A worm (D:2)
  A dart slug (D:2)
  21 orcs
  7 ball pythons
  4 bats
  3 endoplasms
  4 giant cockroaches
  10 goblins
  8 hobgoblins
  8 kobolds
  5 quokkas
  5 frilled lizards
  3 rats (D:2)
122 creatures vanquished.

Notes
Turn   | Place    | Note
-------+----------+-------------------------------------------
     0 | D:1      | ketsa the Deep Elf Air Elementalist began the quest for the
                  | Orb.
     0 | D:1      | Reached XP level 1. HP: 10/10 MP: 6/6
   519 | D:1      | Found Suptar's Book Shop.
   629 | D:1      | Found a faded altar of an unknown god.
   825 | D:1      | Reached XP level 2. HP: 15/15 MP: 6/8
  1391 | D:2      | Reached XP level 3. HP: 9/19 MP: 3/9
  1660 | D:2      | You fall into a shaft and drop 2 floors!
  1674 | D:5      | Entered Level 5 of the Dungeon
  2434 | D:3      | Reached XP level 4. HP: 24/24 MP: 3/10
  2708 | D:3      | Reached skill level 5 in Conjurations
  2922 | D:3      | Reached XP level 5. HP: 28/28 MP: 6/11
  3339 | D:3      | Reached skill level 4 in Air Magic
  3391 | D:4      | Noticed a lemure
  3391 | D:4      | Noticed a lemure
  3719 | D:4      | Noticed a lemure
  3722 | D:4      | Noticed Pikel
  3753 | D:4      | Killed a lemure
  3793 | D:3      | Learned a level 2 spell: Static Discharge
  3806 | D:4      | Noticed a lemure
  3811 | D:4      | Killed a lemure
  3900 | D:4      | Killed a lemure
  4208 | D:4      | Reached skill level 5 in Air Magic
  4208 | D:4      | Reached XP level 6. HP: 21/32 MP: 1/12
  4422 | D:4      | Noticed Robin
  4583 | D:4      | Killed Pikel
  4584 | D:4      | Reached skill level 5 in Dodging
  4584 | D:4      | Reached skill level 5 in Stealth
  4584 | D:4      | Reached XP level 7. HP: 31/36 MP: 7/13
  4693 | D:4      | Killed Robin
  4857 | D:4      | Noticed Eustachio
  5259 | D:5      | Found Qazar's Weapon Boutique.
  5956 | D:6      | Reached XP level 8. HP: 39/41 MP: 10/14
  6095 | D:6      | Reached skill level 6 in Air Magic
  6332 | D:6      | Noticed Grinder
  6345 | D:6      | Paralysed by Grinder for 2 turns
  6352 | D:6      | Paralysed by Grinder for 5 turns
  6360 | D:6      | Killed Grinder
  6361 | D:6      | Reached skill level 5 in Evocations
  6361 | D:6      | Reached skill level 1 in Fighting
  7556 | D:7      | Found a staircase to the Ecumenical Temple.
  7716 | D:7      | Found Bomonech's Jewellery Boutique.
  7846 | D:7      | Reached skill level 5 in Fighting
  7935 | D:7      | Learned a level 3 spell: Swiftness
  8039 | D:7      | Reached XP level 9. HP: 37/54 MP: 13/15
  8435 | D:7      | Learned a level 3 spell: Mephitic Cloud
  8518 | D:7      | Reached skill level 1 in Poison Magic
  8630 | Temple   | Entered the Ecumenical Temple
  8916 | Temple   | Became a worshipper of Gozag Ym Sagoz the Greedy
  9031 | D:8      | Noticed a gargoyle
  9046 | D:8      | Noticed a gargoyle
  9050 | D:8      | Noticed a gargoyle
  9053 | D:8      | Noticed a gargoyle
  9158 | D:8      | Found Zaqi's Self-Improvement Boutique.
  9177 | D:7      | Learned a level 4 spell: Airstrike
  9253 | D:8      | Shot with an arrow by a centaur

Illustrated notes

Levels and vault maps discovered:
D:1:      eino_arrival_druids_welcome, layout_basic, serial_curves,
          eino_curves_03, eino_curves_02, eino_curves_01, eino_curves_02,
          serial_shops, nicolae_shop_back_alley_shop,
          hellmonk_ecumenical_altar_leap_of_faith, minmay_misc_feat_plants
D:2:      layout_loops_ring, minmay_crystal_room, kennysheep_flooded_box
D:3:      layout_rooms
D:4:      layout_rooms, uniq_pikel, uniq_eustachio, uniq_robin
D:5:      layout_basic, serial_shops, shop, minivault_27
D:6:      layout_basic, minmay_misc_feat_doors, uniq_grinder
D:7:      layout_basic, minmay_temple_entry_statues_pillars, serial_shops,
          nicolae_shop_waterfront
D:8:      cheibrodos_statue_roulette, layout_basic, nicolae_lava_and_water,
          nicolae_shop_self_help
Temple:   mainiacjoe_temple_archimedes_tessellation

Skill      XL: |  1  2  3  4  5  6  7  8  9 |
---------------+----------------------------+-----
Conjurations   | 2 3 4 5 |  5.8
Air Magic      | 5 6 |  6.1
Dodging        | 5 |  5.0
Stealth        | 5 |  5.0
Evocations     | 2 4 5 |  5.0
Fighting       | 5 |  5.1
Poison Magic   | 1 |  1.9
Spellcasting   | |  3.0

Action                     |  1- 3 |  4- 6 |  7- 9 || total
---------------------------+-------+-------+-------++-------
  Melee: Unarmed           |    36 |       |       ||    36
         Dagger            |       |     4 |       ||     4
   Cast: Shock             |    87 |   115 |   158 ||   360
         Static Discharge  |       |     7 |    12 ||    19
         Mephitic Cloud    |       |       |     1 ||     1
    Use: Scroll            |     4 |       |       ||     4
         Potion            |       |       |     1 ||     1
 Armour: Robe              |    33 |     7 |    11 ||    51
  Dodge: Dodged            |    64 |    21 |    40 ||   125
  Block: Other             |       |     2 |     8 ||    10
